 Dungeon Crawl Stone Soup version 0.25.1-2-g60ff931df9 (webtiles) character file.

Game seed: 15889013244878011641

39 H0rd4k the Magician (level 3, -5/19 HPs)
             Began as a Deep Elf Wizard on Nov 18, 2020.
             Killed by divine providence
             ... invoked by an orc priest
              (15 damage)
             ... on level 3 of the Dungeon.
             The game lasted 00:01:57 (2602 turns).

H0rd4k the Magician (Deep Elf Wizard)               Turns: 2602, Time: 00:01:58

Health: -5/19      AC:  2    Str:  4    XL:     3   Next: 26%
Magic:  1/12       EV: 13    Int: 23    God:
Gold:   110        SH:  0    Dex: 13    Spells: 4/13 levels left

rFire    . . .     SeeInvis .   (no weapon)
rCold    . . .     Gourm    .   (no shield)
rNeg     . . .     Faith    .   a - +0 robe
rPois    .         Spirit   .   b - +0 hat
rElec    .         Reflect  .   (no cloak)
rCorr    .         Harm     .   (no gloves)
MR       .....                  (no boots)
Stlth    ++........             (no amulet)
HPRegen  0.06/turn              (no ring)
MPRegen  0.13/turn              (no ring)

@: very slightly contaminated
A: no striking features
a: no special abilities


You were on level 3 of the Dungeon.
You were hungry.

You visited 1 branch of the dungeon, and saw 3 of its levels.

You collected 110 gold pieces.

Inventory:

Armour
 a - a +0 robe (worn)
 b - a +0 hat (worn)
Scrolls
 c - 5 scrolls of identify {unknown}
 e - a scroll of noise {unknown}
 g - a scroll of enchant weapon {unknown}
 j - a scroll of random uselessness {unknown}
 k - a scroll of teleportation {unknown}
 l - a scroll of remove curse {unknown}
 m - a scroll of fear {unknown}
 n - a scroll of immolation {unknown}
Potions
 f - a potion of stabbing {unknown}
 h - a potion of haste {unknown}
 i - a potion of cancellation {unknown}
Comestibles
 d - 4 rations


   Skills:
 + Level 2.6 Dodging
 + Level 3.0 Stealth
 + Level 5.5 Spellcasting
 + Level 1.4 Conjurations
   Level 1.1 Summonings
 + Level 1.1 Translocations
 * Level 0.3 Fire Magic


You had 4 spell levels left.
You knew the following spells:

 Your Spells              Type           Power        Failure   Level  Hunger
a - Magic Dart            Conj           ##..         4%          1    None
b - Blink                 Tloc           N/A          9%          2    None
c - Conjure Flame         Conj/Fire      ##......     19%         3    ##.....
d - Mephitic Cloud        Conj/Pois/Air  #.......     22%         3    ##.....

Your spell library contained the following spells:

 Spells                   Type           Power        Failure   Level  Hunger
 Call Imp                 Summ           ##......     9%          2    None
 Slow                     Hex            #.......     14%         2    None


Dungeon Overview and Level Annotations

Branches:
Dungeon (3/15)

Altars:
Cheibriados


Message History

The orc priest hits you but does no damage.
Casting: Magic Dart (safe; 4% risk of failure)
Confirm with . or Enter, or press ? or * to list all spells.
Aiming: Magic Dart (safe; 4% risk of failure)
Press: ? - help, Shift-Dir - straight line, f/p - orc priest
Aim: an orc priest, wielding a +0 hand axe and wearing a +0 scale mail (heavily wounded)
The magic dart hits the orc priest but does no damage.
The orc priest is heavily wounded.
The orc priest barely misses you.
Casting: Magic Dart (safe; 4% risk of failure)
Confirm with . or Enter, or press ? or * to list all spells.
Aiming: Magic Dart (safe; 4% risk of failure)
Press: ? - help, Shift-Dir - straight line, f/p - orc priest
Aim: an orc priest, wielding a +0 hand axe and wearing a +0 scale mail (heavily wounded)
The magic dart hits the orc priest but does no damage.
The orc priest is heavily wounded.
The orc priest calls down the wrath of Beogh upon you.
Beogh smites you!
Ouch! That really hurt!
You die...

... #. #.# #### ...
... #... ...# ###
#.# #.## #..# #..
#.###.## ...#
##.#.####.##...#
..###.##...........#
#o#..#######.##...#
#@#.# #.######
#.##.#.#######.#
#......>....<..#
################


You could see an orc priest.

Vanquished Creatures
  An ooze (D:2)
  2 dart slugs
  2 bats
  A giant cockroach (D:1)
  4 goblins (D:1)
  6 hobgoblins
  3 jackals (D:1)
  3 frilled lizards
  6 kobolds
  A rat (D:2)
29 creatures vanquished.

Notes
Turn   | Place    | Note
-------+----------+-------------------------------------------
     0 | D:1      | H0rd4k the Deep Elf Wizard began the quest for the Orb.
     0 | D:1      | Reached XP level 1. HP: 10/10 MP: 7/7
   654 | D:1      | Reached skill level 5 in Spellcasting
   654 | D:1      | Reached XP level 2. HP: 11/15 MP: 5/10
  1407 | D:2      | Reached XP level 3. HP: 19/19 MP: 5/11
  1411 | D:2      | Learned a level 2 spell: Blink
  1415 | D:2      | Learned a level 3 spell: Conjure Flame
  1419 | D:2      | Learned a level 3 spell: Mephitic Cloud
  2203 | D:2      | Found a snail-covered altar of Cheibriados.
  2602 | D:3      | Killed from afar by an orc priest

Illustrated notes

Levels and vault maps discovered:
D:1:      denvon_arrival_planthouse, layout_basic
D:2:      layout_loops_corners, lemuel_doored_altar, first_ration
D:3:      layout_loops_ring, okawaru_trees_1, marbit_many_paths, bloody_makhleb,
          minmay_fractal_squares_gapless_5

Skill      XL: |  1  2  3 |
---------------+----------+-----
Spellcasting   | 5 |  5.5
Stealth        | 3 |  3.0
Dodging        | |  2.6
Conjurations   | |  1.4
Summonings     | |  1.1
Translocations | |  1.1
Fire Magic     | |  0.3

Action                   || total
-------------------------++-------
 Cast: Magic Dart        ||    84
  Eat: Chunk             ||     4
Armor: Robe              ||     3
Dodge: Dodged            ||    20
